 Dungeon Crawl Stone Soup version 0.21.1-1-g345015f (webtiles) character file.

56 supercigar the Skirmisher (level 3, 0/33 HPs)
             Began as a Hill Orc Fighter on June 20, 2018.
             Was an Initiate of Vehumet.
             Slain by an orc
             ... wielding a +0 flail
              (2 damage)
             ... on level 3 of the Dungeon.
             The game lasted 00:20:04 (1714 turns).

supercigar the Skirmisher (Hill Orc Fighter)        Turns: 1714, Time: 00:20:04

Health: 0/33       AC:  8    Str: 17 (19) XL:     3   Next: 95%
Magic:  3/3        EV:  8    Int:  6 (8)  God:    Vehumet [......]
Gold:   120        SH:  8    Dex:  8 (10) Spells: 2/2 levels left

rFire    + . .     SeeInvis .   w - +0 whip (venom)
rCold    x . .     Gourm    .   c - +0 shield
rNeg     . . .     Faith    .   g - +0 ring mail
rPois    .         Spirit   .   (no helmet)
rElec    .         Reflect  .   (no cloak)
rCorr    .         Harm     .   (no gloves)
MR       .....                  k - +1 pair of boots
Stlth    ..........             (no amulet)
HPRegen  0.11/turn              j - ring of fire
MPRegen  0.08/turn              s - ring of flight

@: slowed, very slow
A: no striking features
a: Renounce Religion, Evoke Flight


You were on level 3 of the Dungeon.
You worshipped Vehumet.
Vehumet was noncommittal.
You were not hungry.

You visited 1 branch of the dungeon, and saw 3 of its levels.

You collected 120 gold pieces.

Inventory:

Hand Weapons
 a - a +0 war axe
 h - a +0 club
 l - a +0 club
 p - a +0 club
 r - a +0 club
 w - a +0 whip of venom (weapon)
 y - a +0 short sword
Missiles
 e - 28 stones (quivered)
 n - 48 bolts
Armour
 b - a +0 scale mail
 c - a +0 shield (worn)
 g - a +0 ring mail (worn)
 i - a +0 leather armour
 k - a +1 pair of boots (worn)
 u - a +0 leather armour
 x - a +0 robe
Jewellery
 j - a ring of fire (left hand)
 s - a ring of flight (right hand)
Scrolls
 t - 2 scrolls of identify
 v - a scroll of remove curse
Potions
 d - a potion of might
 o - a potion of mutation
Comestibles
 f - a ration


   Skills:
 + Level 4.3 Fighting
 + Level 3.1(3.2) Axes
 + Level 0.6(1.7) Maces & Flails
 + Level 4.0 Armour
 + Level 0.1 Dodging
 + Level 3.6 Shields


You had 2 spell levels left.
You didn't know any spells.

Dungeon Overview and Level Annotations

Branches:
Dungeon (3/15)

Altars:
Gozag
Vehumet


Message History

You block the orc's attack. The orc hits you but does no damage.
You block the jackal's attack.
The orc wizard hits you but does no damage.
The orc hits you from afar with a trident.
* * * LOW HITPOINT WARNING * * *
You hit the orc wizard.
The orc wizard is poisoned.
The orc wizard is lightly wounded.
The jackal bites you but does no damage.
The orc wizard gestures wildly while chanting.
The orc wizard blinks!
The orc wizard mumbles some strange words.
The orc wizard blinks!
The orc hits you with a flail.
* * * LOW HITPOINT WARNING * * *
You block the jackal's attack.
The orc wizard casts a spell.
The orc wizard blinks!
The orc hits you from afar with a trident.
* * * LOW HITPOINT WARNING * * *
The orc hits you with a flail.
You die...

... ... [..
#.# ##.###
.o..# #o#.#
#@#.###.#
#oh....>#
#...#####
##..# . #.o#
#. #..#
##.####§.###
.........§.#
......#.##.#


You could see an orc wizard, 3 orcs and a jackal.

Vanquished Creatures
  An adder (D:2)
  An ooze (D:2)
  A dart slug (D:1)
  A leopard gecko (D:1)
  A giant cockroach (D:1)
  5 goblins
  2 hobgoblins
  7 jackals
  6 kobolds
  A quokka (D:2)
  4 bats
  2 frilled lizards
  5 rats (D:1)
37 creatures vanquished.

Notes
Turn   | Place    | Note
-------+----------+-------------------------------------------
     0 | D:1      | supercigar the Hill Orc Fighter began the quest for the Orb.
     0 | D:1      | Reached XP level 1. HP: 19/19 MP: 1/1
   237 | D:1      | Reached XP level 2. HP: 23/27 MP: 2/2
   306 | D:1      | You fall through a shaft!
   482 | D:2      | Reached XP level 3. HP: 30/33 MP: 3/3
   620 | D:2      | Found a radiant altar of Vehumet.
   657 | D:2      | Became a worshipper of Vehumet
   813 | D:2      | Found an opulent altar of Gozag.
  1714 | D:3      | Slain by an orc

Skill      XL: |  1  2  3 |
---------------+----------+-----
Fighting       | 4 |  4.3
Armour         | 4 |  4.0
Axes           | 3 |  3.1
Maces & Flails | |  0.6
Dodging        | |  0.1
Shields        | |  3.6

Action                   || total
-------------------------++-------
Melee: War axe           ||    54
       Club              ||    35
       Whip              ||    31
Throw: Stone             ||    10
  Use: Potion            ||     4
       Scroll            ||     4
  Eat: Chunk             ||     2
       Ration            ||     1
Armor: Ring mail         ||    64
Dodge: Dodged            ||    61
Block: Shield            ||    66
